Map: Golden Wall LE

Players

Trap

  • Race: Protoss Protoss
  • Spawn Location: 7:00

Serral - Winner!

  • Race: Zerg Zerg
  • Spawn Location: 5:00

Event: DreamHack SC2 Masters 2020 Summer Season Finals

VOD

https://youtu.be/csDn0y3PcZw?t=3664

Description

Time

  • Played on: July 19, 2020, 1:30 p.m.
  • Length: 11:53

All games in this series

Show
View Real Time Build Order
Export as new Build Order

Trap Protoss 

Build Orders: 1 Gate Expand, Mass Adepts 

Get SALT Encoding   

  12  0:00  Probe  
  13  0:12  Probe  
  14  0:18  Pylon  
  14  0:24  Probe  
  15  0:32  Probe  
  15  0:40  Probe  
  16  0:44  Gateway  
  17  0:51  Assimilator, Probe  
  18  1:03  Probe  
  19  1:15  Probe  
  20  1:27  Nexus  
  20  1:36  Cybernetics Core  
  20  1:39  Probe  
  21  1:46  Assimilator  
  21  1:51  Probe  
  22  1:56  Pylon  
  22  2:03  Probe  
  22  2:04  Adept  
  23  2:11  Probe  
  26  2:15  Warp Gate  
  26  2:19  Probe  
  26  2:29  Probe  
  27  2:32  Twilight Council  
  27  2:36  Probe  
  28  2:37  Stalker  
  28  2:43  Probe  
  32  2:44  Probe  
  33  2:54  Probe  
  33  2:56  Probe  
  35  3:00  Robotics Facility  
  35  3:06  Probe  
  35  3:07  Resonating Glaives  
  35  3:12  Gateway  
  36  3:14  Probe  
  37  3:21  Probe  
  37  3:25  Adept  
  37  3:26  Probe  
  41  3:35  Gateway  
  41  3:37  Gateway  
  41  3:38  Warp Prism  
  41  3:51  Probe, Pylon  
  41  3:53  Probe  
  45  4:02  Shield Battery, Pylon  
  45  4:09  Adept x2  
  49  4:13  Probe x2  
  49  4:14  Observer  
  52  4:25  Assimilator  
  52  4:32  Adept  
  52  4:33  Adept x3  
  60  4:42  Pylon  
  60  4:45  Pylon, Probe x2  
  58  4:55  Adept  
  58  4:56  Adept  
  62  5:00  Adept  
  62  5:01  Adept  
  62  5:03  Immortal  
  66  5:10  Assimilator  
  66  5:13  Pylon  
  70  5:16  Adept x2  
  74  5:30  Immortal  
  70  5:40  Probe x2  
  72  5:49  Gateway x2  
  72  5:52  Gateway  
  72  5:55  Gateway  
  72  5:56  Sentry  
  72  5:57  Sentry x2  
  76  5:59  Sentry  
  76  6:03  Immortal  
  80  6:07  Pylon x2  
  84  6:25  Sentry  
  86  6:28  Sentry  
  86  6:30  Pylon  
  86  6:32  Sentry, Adept, Pylon  
  91  6:45  Pylon  
  91  6:52  Adept x4  
  91  6:53  Adept  
  101  7:00  Adept x2  
  78  7:23  Sentry x3  
  78  7:24  Adept x2  
  78  7:28  Adept  
  78  7:29  Adept, Zealot  
  80  7:50  Adept x8  
  86  8:13  Adept x7  
  90  8:27  Robotics Bay  
  84  8:37  Adept x4  
  84  8:45  Immortal  
  84  8:48  Adept x8  
  88  9:05  Gravitic Drive  
  88  9:13  Disruptor  
  90  9:37  Disruptor  
  90  9:46  Stalker x4  
  99  9:54  Stalker  
  99  9:58  Pylon  
  99  10:07  Stalker x3  
  105  10:15  Adept x4  
  105  10:18  Adept  
  115  10:40  Stalker x4  
  123  10:45  Adept x2  
  127  10:56  Adept x2  
  131  11:06  Sentry  
  127  11:20  Adept x5  
  133  11:29  Pylon  
  123  11:43  Adept x4  
Show
View Real Time Build Order
Export as new Build Order

Serral Zerg - Winner!

Build Orders: Hatch First 

Get SALT Encoding   

  12  0:00  Drone  
  13  0:12  Overlord  
  13  0:17  Drone  
  14  0:31  Drone x2  
  16  0:48  Hatchery  
  15  0:52  Drone  
  15  0:55  Drone  
  17  0:59  Drone  
  18  1:09  Extractor  
  17  1:16  Spawning Pool  
  16  1:18  Drone  
  16  1:22  Drone  
  18  1:28  Drone  
  19  1:39  Drone  
  20  1:49  Overlord  
  20  2:04  Zergling x2, Queen x2  
  20  2:05  Zergling x2  
  26  2:13  Drone x2  
  26  2:15  Metabolic Boost  
  28  2:23  Drone x2  
  30  2:40  Hatchery  
  30  2:41  Drone  
  30  2:43  Drone  
  31  2:52  Queen  
  31  2:56  Overlord  
  32  2:59  Drone  
  32  3:01  Drone  
  32  3:03  Zergling x2  
  35  3:16  Drone x4  
  35  3:17  Drone  
  35  3:18  Overlord  
  40  3:23  Zergling x2  
  40  3:26  Drone  
  42  3:32  Drone  
  43  3:35  Queen  
  45  3:44  Drone x2  
  45  3:46  Drone x4  
  51  3:52  Queen  
  51  3:53  Overlord  
  53  3:57  Roach Warren  
  53  4:01  Extractor  
  51  4:03  Zergling x8  
  51  4:08  Overlord  
  55  4:13  Zergling x4  
  57  4:17  Overlord  
  57  4:20  Drone, Overlord  
  57  4:22  Drone  
  57  4:23  Drone  
  60  4:25  Zergling x4  
  60  4:26  Zergling x2  
  60  4:30  Overlord  
  62  4:39  Roach x3  
  62  4:44  Roach  
  69  4:48  Roach  
  69  4:49  Roach x3  
  69  4:52  Spore Crawler  
  76  4:56  Spore Crawler  
  76  4:58  Lair  
  75  5:02  Spore Crawler  
  75  5:06  Roach x2  
  78  5:14  Roach x3  
  78  5:20  Overlord  
  84  5:25  Drone x2  
  84  5:26  Drone  
  84  5:27  Drone x2  
  89  5:29  Drone  
  89  5:33  Overlord  
  90  5:38  Drone, Overlord  
  90  5:39  Drone x2  
  93  5:46  Overlord  
  93  5:48  Extractor  
  93  5:49  Evolution Chamber, Drone x2  
  93  5:52  Overlord  
  93  5:54  Overlord  
  93  5:56  Drone x2  
  94  5:57  Glial Reconstitution  
  94  5:59  Drone  
  95  6:04  Overlord  
  95  6:06  Overlord  
  95  6:08  Drone  
  95  6:09  Overseer  
  96  6:13  Drone x2  
  98  6:18  Overlord  
  98  6:20  Overlord  
  98  6:21  Roach  
  98  6:24  Roach  
  101  6:31  Roach x3  
  101  6:32  Roach  
  109  6:36  Extractor  
  109  6:38  Zergling x10  
  113  6:42  Ravager x3  
  113  6:45  Queen x2  
  119  6:48  Ravager  
  119  6:51  Zergling x8  
  116  7:01  Ravager  
  116  7:02  Roach, Zergling x2  
  116  7:03  Zergling x8  
  116  7:04  Queen  
  119  7:13  Evolution Chamber  
  119  7:15  Roach x3, Zergling x6  
  116  7:26  Roach x5  
  116  7:29  Ravager  
  125  7:33  Zergling x2  
  125  7:34  Zergling x4  
  119  7:45  Queen x3  
  119  7:49  Roach x2, Zergling x2  
  119  7:51  Ravager  
  119  7:54  Ravager x2  
  119  7:56  Zergling x8  
  126  8:01  Evolution Chamber  
  123  8:06  Roach x3, Zergling x2  
  128  8:15  Roach x4  
  136  8:26  Roach x3, Zergling x4  
  136  8:27  Roach  
  144  8:33  Roach  
  144  8:34  Roach  
  143  8:41  Roach x2, Zergling x2  
  139  8:44  Zerg Missile Weapons Level 1  
  133  8:51  Roach x3  
  135  8:57  Roach x4  
  143  9:07  Ravager  
  143  9:09  Extractor  
  143  9:10  Drone x3  
  143  9:13  Ravager  
  143  9:16  Roach x2, Zergling x2  
  153  9:17  Zergling x2  
  153  9:26  Baneling Nest  
  151  9:31  Roach x3  
  157  9:40  Drone x5  
  162  9:47  Overlord  
  162  9:50  Overlord  
  162  9:53  Hatchery, Overlord  
  161  10:00  Overlord  
  160  10:09  Centrifical Hooks  
  160  10:11  Drone, Spire  
  160  10:14  Zergling x6  
  163  10:22  Zergling x8  
  167  10:28  Ravager  
  167  10:29  Ravager x2, Zergling x8  
  174  10:40  Baneling x12  
  174  10:43  Zergling x6  
  174  10:48  Baneling x4  
  177  10:53  Zergling x10  
  182  11:01  Baneling x7  
  182  11:03  Baneling  
  182  11:08  Zergling x18  
  190  11:12  Baneling x5  
  181  11:32  Baneling x11  
Tags
 
Add a new tag
Caveats
  • Supply blocks, unpowered buildings, or Contaminate may cause inaccurate times.
  • Supply counts are checked every 10 seconds.